 Dungeon Crawl Stone Soup version 0.30-a0-756-gc2185399d4 (webtiles) character file.

Game seed: 3625647232125307547

165 sanka the Chopper (level 5, -4/45 HPs)
             Began as a Ghoul Gladiator on Feb 9, 2023.
             Slain by an ogre
             ... wielding a +0 giant club
              (25 damage)
             ... on level 4 of the Dungeon.
             The game lasted 00:03:18 (2750 turns).

sanka the Chopper (Ghoul Gladiator)                 Turns: 2750, Time: 00:03:19

Health: -4/45      AC:  9    Str: 20    XL:     5   Next: 46%
Magic:  4/4        EV:  8    Int:  3    God:
Gold:   97         SH:  0    Dex: 10    Spells: 4/4 levels left

rFire   . . .      SeeInvis .    a - +0 war axe
rCold   + . .      Faith    .    (no shield)
rNeg    + + +      Spirit   .    r - +0 chain mail
rPois   ∞          Reflect  .    c - +0 helmet
rElec   .          Harm     .    (no cloak)
rCorr   .          Rampage  .    (no gloves)
Will    .....                    (no boots) Stlth
                                 (no amulet)
HPRegen 0.00/turn                (no ring)
MPRegen 0.09/turn                (no ring)

@: inhibited regen
A: claws 1, cold resistance 1, negative energy resistance 3, inhibited
regeneration, torment resistance 2, devour on kill
a: no special abilities


You were on level 4 of the Dungeon.
You visited 1 branch of the dungeon, and saw 4 of its levels.

You collected 97 gold pieces.


Innate Abilities, Weirdness & Mutations

You are immune to poison.
You have sharp fingernails.
Your flesh is cold resistant. (rC+)
You are immune to negative energy. (rN+++)
You do not regenerate when monsters are visible.
You are immune to unholy pain and torment.
You thrive by killing the living.


   Skills:
 - Level 3.0 Fighting
 + Level 5.1 Axes
 - Level 1.7 Throwing
 - Level 2.6 Dodging


You had 4 spell levels left.
You didn't know any spells.
Your spell library contained the following spells:

 Spells                   Type           Power      Damage    Failure   Level
 Blink                    Tloc           0%         N/A       100%        2
 Lesser Beckoning         Tloc           0%         N/A       100%        2
 Momentum Strike          Conj/Tloc      0%         3d8       100%        2
 Vhi's Electric Charge    Tloc/Air       0%         N/A       100%        3
 Arcjolt                  Conj/Air       0%         1d10      100%        5
 Maxwell's Capacitive Co  Air            0%         ∞         100%        8

Inventory:

Hand Weapons
 a - a +0 war axe (weapon)
Missiles
 d - 3 throwing nets (quivered) {=f}
 e - a javelin
Armour
 c - a +0 helmet (worn)
 r - a +0 chain mail (worn)
Scrolls
 g - a scroll of enchant armour {unknown}
 h - a scroll of fog {unknown}
 i - a scroll of poison {unknown}
 l - 2 scrolls of teleportation {unknown}
 n - a scroll of silence {unknown}
Potions
 j - 2 potions of magic {unknown}
 k - a potion of haste {unknown}
 m - 2 potions of heal wounds {unknown}
 o - 2 potions of curing {unknown}
 q - a potion of attraction {unknown}

Dungeon Overview and Level Annotations

Branches:
Dungeon (4/15)
 Temple: D:4-7

Altars:
Gozag
Nemelex Xobeh
Qazlal
Sif Muna

Shops:
D:2

?(
▒................▒
▒................▒
▒.................▒
.................▒▒
..P▒P▒▒▒▒▒.....▒▒
.▒......▒....▒▒
.P......▒..▒▒▒
......K.O.▒▒
▒..£..n▒.▒
▒....l.▒.▒
▒......▒.▒
▒▒▒'.PP▒O▒
O.......▒
▒▒......▒▒ ▒......
▒▒......


You could see 2 ogres, an iguana and a kobold.


Message History

You hit the plant. The iguana bites you! The kobold hits you with a +0 dagger.
The iguana barely misses you.
Unknown command.
You hit the iguana but do no damage.
The iguana is severely wounded.
You hit the ogre. You hit the kobold but do no damage. You slash the plant!
You hit the plant. The iguana bites you.
The ogre hits you with a +0 giant club. The kobold hits you with a +0 dagger.
Unknown command.
You closely miss the iguana.
The iguana is heavily wounded.
You hit the kobold. You hit the plant. You hit the plant.
You completely miss the ogre.
A nearby plant withers and dies.
A nearby plant withers and dies.
An ogre comes into view. It is wielding a +0 giant club.
The iguana bites you.
* * * LOW HITPOINT WARNING * * *
The kobold hits you but does no damage.
The ogre hits you with a +0 giant club!!
Ouch! That really hurt!
You die...

Action                     |  1- 3 |  4- 6 || total
---------------------------+-------+-------++-------
  Melee: War axe           |    75 |    85 ||   160
 Armour: Ring mail         |    40 |    35 ||    75
         Leather armour    |     1 |       ||     1
         Chain mail        |       |     4 ||     4
  Dodge: Dodged            |    56 |    53 ||   109

Levels and vault maps discovered:
D:1:      dpeg_arrival_lava_altar, layout_basic
D:2:      layout_loops_ring, serial_shops, nicolae_shop_bloodbath_and_beyond,
          serial_rivers, chequers_serial_rivers_marsh,
          chequers_serial_rivers_large_b, chequers_serial_rivers_micro_e,
          chequers_serial_rivers_small_b, chequers_serial_rivers_room_b,
          chequers_serial_rivers_large_a, nicolae_nh_oracle_at_delphi,
          uniq_natasha
D:3:      layout_basic, lemuel_coloured_pillars_altar, grunt_qazlal_clouds,
          mainiacjoe_overflow_catwalk,
          dreamdust_ecumenical_altar_angels_and_demons, interstate_on_off
D:4:      cheibrodos_old_hovel, layout_cave_pods,
          minmay_overflow_temple_star_quad, mainiacjoe_overflow_cross_hatched,
          lemuel_crystal_altar, serial_column_ruins, column_ruins_temple_hall,
          column_ruins_open_tiny, column_ruins_corridor_straight,
          column_ruins_open_tiny, column_ruins_open_tiny, uniq_ijyb,
          uniq_menkaure, uniq_crazy_yiuf_cottage

Notes
Turn   | Place    | Note
-------+----------+-------------------------------------------
     0 | D:1      | sanka the Ghoul Gladiator began the quest for the Orb.
     0 | D:1      | Reached XP level 1. HP: 17/17 MP: 0/0
   330 | D:1      | Reached skill level 3 in Fighting
   330 | D:1      | Reached XP level 2. HP: 26/26 MP: 1/1
   576 | D:1      | Found an opulent altar of Gozag.
   684 | D:2      | Reached skill level 3 in Axes
   739 | D:2      | Found Rilapp's Weapon Emporium.
   750 | D:2      | Reached XP level 3. HP: 31/31 MP: 2/2
  1108 | D:2      | Noticed Natasha
  1117 | D:2      | Killed Natasha
  1118 | D:2      | Reached skill level 4 in Axes
  1118 | D:2      | Reached XP level 4. HP: 31/38 MP: 3/3
  1336 | D:2      | Found The Oracle's Delphic Readings.
  1439 | D:2      | Noticed Natasha
  1449 | D:2      | Killed Natasha
  1745 | D:3      | Reached XP level 5. HP: 40/45 MP: 4/4
  2019 | D:3      | HP: 4/45 [something (1)]
  2021 | D:3      | Reached skill level 5 in Axes
  2183 | D:3      | Found a shimmering blue altar of Sif Muna.
  2281 | D:3      | Found a stormy altar of Qazlal.
  2354 | D:3      | Found a faded altar of an unknown god.
  2423 | D:3      | Found a sparkling altar of Nemelex Xobeh.
  2744 | D:4      | Noticed an ogre
  2750 | D:4      | Noticed an ogre
  2750 | D:4      | Slain by an ogre

Vanquished Creatures
  Natasha (twice) (D:2)
  An orc wizard (D:3)
  5 adders
  A dart slug (D:4)
  2 orcs (D:3)
  4 ball pythons
  4 endoplasms
  2 giant cockroaches (D:2)
  4 goblins
  3 hobgoblins
  4 quokkas
  5 bats
  A frilled lizard (D:2)
  2 kobolds (D:1)
  4 rats
44 creatures vanquished.

Vanquished Creatures (others)
  2 plants (D:4)
2 creatures vanquished.

Grand Total: 46 creatures vanquished
